 Dungeon Crawl Stone Soup version 0.21.1-1-g345015f (webtiles) character file.

109 frapes28 the Skirmisher (level 4, 0/41 HPs)
             Began as a Minotaur Fighter on July 19, 2018.
             Slain by a gnoll
             ... wielding a +0 halberd
              (3 damage)
             ... on level 3 of the Dungeon.
             The game lasted 00:17:32 (1464 turns).

frapes28 the Skirmisher (Minotaur Fighter)          Turns: 1464, Time: 00:17:38

Health: 0/41       AC:  7    Str: 21    XL:     4   Next: 60%
Magic:  3/3        EV:  7    Int:  5    God:
Gold:   96         SH:  9    Dex: 10    Spells: 3/3 levels left

rFire    . . .     SeeInvis .   r - +2 dagger (venom)
rCold    . . .     Gourm    .   c - +0 shield
rNeg     . . .     Faith    .   b - +0 scale mail
rPois    .         Spirit   .   (helmet restricted)
rElec    .         Reflect  .   (no cloak)
rCorr    .         Harm     .   (no gloves)
MR       .....                  (no boots)
Stlth    ..........             (no amulet)
HPRegen  0.13/turn              (no ring)
MPRegen  0.08/turn              (no ring)

@: no status effects
A: retaliatory headbutt, horns 2
a: no special abilities


You were on level 3 of the Dungeon.
You were not hungry.

You visited 1 branch of the dungeon, and saw 3 of its levels.

You collected 96 gold pieces.

Inventory:

Hand Weapons
 a - a +0 flail
 p - a +0 dagger
 q - a +0 hand axe
 r - a +2 dagger of venom (weapon)
 t - a +0 hunting sling
 u - a +0 spear
 v - a +0 club
 w - a +0 falchion
 x - a +0 whip
Missiles
 m - 67 stones (quivered)
 o - 19 bolts
Armour
 b - a +0 scale mail (worn)
 c - a +0 shield (worn)
 h - a +0 leather armour
 i - a +0 ring mail
 j - a +0 leather armour
Scrolls
 g - 2 scrolls of magic mapping
 n - a scroll of teleportation
Potions
 d - 2 potions of might
 e - a potion of heal wounds {unknown}
 k - a potion of mutation {unknown}
 l - 2 potions of agility {unknown}
 s - a potion of ambrosia {unknown}
 z - a potion of invisibility {unknown}
Comestibles
 f - a ration


   Skills:
 * Level 4.4 Fighting
 + Level 0.2 Short Blades
 * Level 3.8 Maces & Flails
 + Level 0.4 Slings
 * Level 4.3 Armour
 + Level 0.2 Dodging
 * Level 4.2 Shields


You had 3 spell levels left.
You didn't know any spells.

Dungeon Overview and Level Annotations

Branches:
Dungeon (3/15)

Altars:


Innate Abilities, Weirdness & Mutations

You reflexively headbutt those who attack you in melee.
You have a pair of horns on your head.


Message History

The gnoll hits you with a halberd! You block the gnoll's attack.
You block the gnoll's attack. x2
You see here a club.
The gnoll barely misses you.
Things that are here:
a club; a runed ring mail The jackal pauses to sniff the ground.
You hit the gnoll.
The gnoll is poisoned.
Your headbutt misses the gnoll.
The gnoll is lightly wounded.
The gnoll hits you with a club.
* * * LOW HITPOINT WARNING * * *
You block the gnoll's attack.
You hit the gnoll.
The gnoll looks as sick as possible!
You headbutt the gnoll.
The gnoll is heavily wounded.
The gnoll hits you from afar with a halberd.
* * * LOW HITPOINT WARNING * * *
The gnoll hits you with a club.
* * * LOW HITPOINT WARNING * * *
The gnoll hits you from afar with a halberd.
You die...

#.≈≈≈....# #.≈≈≈....#
#.≈≈≈....# #.≈≈≈....#
#.≈≈≈....#
#+###≈≈P...# ####
#...#≈≈....#
.....#.gg#≈≈....#
≈≈≈≈≈#####≈≈h@..#
≈≈≈≈≈≈≈≈≈≈≈≈.g..# ≈
≈≈≈≈≈≈≈≈≈≈≈≈gg..# . .
..........P.....#....
.
..........(<.........
.
..##.........#####.#.
. ......!..>.....# #
. (......(..........
. ...................


You could see 3 gnolls and a jackal.

Vanquished Creatures
  A gnoll (D:3)
  An adder (D:2)
  An ooze (D:2)
  5 worms (D:2)
  2 dart slugs
  A leopard gecko (D:2)
  An orc (D:3)
  2 ball pythons
  4 giant cockroaches
  8 goblins
  7 hobgoblins
  5 jackals
  3 bats
  3 frilled lizards
  8 kobolds
  12 rats
64 creatures vanquished.

Notes
Turn   | Place    | Note
-------+----------+-------------------------------------------
     0 | D:1      | frapes28 the Minotaur Fighter began the quest for the Orb.
     0 | D:1      | Reached XP level 1. HP: 19/19 MP: 0/0
   170 | D:1      | Reached XP level 2. HP: 26/27 MP: 1/1
   400 | D:1      | Reached XP level 3. HP: 33/33 MP: 2/2
   893 | D:2      | Reached XP level 4. HP: 41/41 MP: 3/3
  1464 | D:3      | Slain by a gnoll

Skill      XL: |  1  2  3 |
---------------+----------+-----
Armour         | 4 |  4.3
Fighting       | 4 |  4.4
Shields        | 4 |  4.2
Maces & Flails | 3 |  3.8
Short Blades   | |  0.2
Slings         | |  0.4
Dodging        | |  0.2

Action                   |  1- 3 |  4- 6 || total
-------------------------+-------+-------++-------
Melee: Flail             |    76 |       ||    76
       Headbutt          |    20 |    10 ||    30
       Dagger            |    40 |    40 ||    80
 Fire: Hunting sling     |    11 |     3 ||    14
Throw: Stone             |       |     2 ||     2
  Use: Scroll            |     3 |       ||     3
  Eat: Ration            |       |     1 ||     1
       Chunk             |       |     1 ||     1
Armor: Scale mail        |    48 |     9 ||    57
Dodge: Dodged            |    26 |    11 ||    37
Block: Shield            |    54 |    21 ||    75
